 Dungeon Crawl Stone Soup version 0.31-a0-881-ge136f0c47a (webtiles) character file.

Game seed: 8073586905651017745

48 Error4North the Covered (level 3, -1/30 HPs)
             Began as a Demigod Fighter on Oct 16, 2023.
             Killed by nerve-wracking pain
             ... invoked by an orc priest
              (10 damage)
             ... on level 2 of the Dungeon.
             The game lasted 00:11:22 (1068 turns).

Error4North the Covered (Demigod Fighter)           Turns: 1068, Time: 00:11:23

Health: -1/30      AC:  6    Str: 21    XL:     3   Next: 30%
Magic:  0/5        EV:  9    Int: 10    God:
Gold:   117        SH:  4    Dex: 13    Spells: 2/2 levels left

rFire   . . .        a - +0 war axe
rCold   . . .        c - +0 buckler
rNeg    . . .        b - +0 scale mail
rPois   +            (no helmet)
rElec   .            (no cloak)
rCorr   .            (no gloves)
SInv    .            (no boots)
Will    .....        j - amulet of guardian spirit Stlth
                     h - ring of poison resistance
HPRegen 0.25/turn    (no ring)
MPRegen 0.09/turn

%: guardian spirit
@: mighty
A: high MP 1, forlorn, divine attributes
a: no special abilities


You were on level 2 of the Dungeon.
You visited 1 branch of the dungeon, and saw 2 of its levels.

You collected 117 gold pieces.

Inventory:

Hand Weapons
 a - a +0 war axe (weapon)
 f - a +0 sling
Missiles
 l - 7 stones (quivered)
Armour
 b - a +0 scale mail (worn)
 c - a +0 buckler (worn)
Jewellery
 h - a ring of poison resistance (left hand)
 j - an amulet of guardian spirit (around neck)
Scrolls
 i - a scroll of noise {unknown}
 k - a scroll of identify {unknown}
Potions
 d - a potion of might
 e - a potion of brilliance {unknown}
 g - a potion of lignification {unknown}
 m - a potion of enlightenment {unknown}


   Skills:
 + Level 2.9 Fighting
 + Level 2.3 Axes
 * Level 3.4 Armour
 + Level 2.9 Shields


You had 2 spell levels left.
You didn't know any spells.
Your spell library contained the following spells:

 Spells                   Type           Power      Damage    Failure   Level
 Sublimation of Blood     Necr           0%         N/A       88%         2
 Frozen Ramparts          Ice            0%         1d1       98%         3
 Petrify                  Tmut/Erth      0%         N/A       100%        4
 Irradiate                Conj/Tmut      0%         3d11      100%        5
 Metabolic Englaciation   Hex/Ice        0%         N/A       100%        5


Dungeon Overview and Level Annotations

Branches:
Dungeon (2/15)


Innate Abilities, Weirdness & Mutations

You have an increased reservoir of magic. (+10% MP)
You shall have no god before yourself.
Your divine heritage dramatically boosts your attributes as you level up.


Message History

An orc priest comes into view. It is wielding a +0 hand axe.
The orc hits you but does no damage.
The orc shouts!
You hit the orc.
The orc is moderately wounded.
The orc closely misses you. The orc barely misses you.
You hit the orc but do no damage.
The orc is moderately wounded.
The orc priest mumbles some strange prayers to Beogh against you.
Beogh smites you! You block the orc's attack.
The orc attacks as it pursues you! The orc hits you with a +0 mace.
The orc priest casts a cantrip, but nothing happens.
The orc attacks as it pursues you! The orc barely misses you.
The orc attacks as it pursues you! The orc barely misses you.
The orc attacks as it pursues you! The orc misses you.
You see here a +0 short sword of venom.
The orc attacks as it pursues you! The orc hits you but does no damage.
The orc attacks as it pursues you! The orc hits you with a +0 mace.
The orc attacks as it pursues you! The orc hits you but does no damage.
The orc attacks as it pursues you! The orc hits you with a +0 mace.
The orc attacks as it pursues you! The orc hits you with a +0 mace.
The orc attacks as it pursues you! The orc hits you with a +0 mace.
The orc attacks as it pursues you! The orc barely misses you.
Found 9 gold pieces.
You closely miss the orc. The orc hits you but does no damage.
You feel very mighty all of a sudden. The orc hits you with a +0 mace.
You barely miss the orc. The orc hits you with a +0 mace.
You barely miss the orc. The orc barely misses you. You block the orc's attack.
You slice the orc!!
You kill the orc!
You completely miss the orc. The orc hits you with a +0 dagger.
* * * LOW HITPOINT WARNING * * *
You slice the orc!!
You kill the orc!
The orc priest looks encouraged for a moment.
You closely miss the orc priest.
The orc priest calls down the wrath of Beogh upon you.
Pain shoots through your body!
You die...

#....#... #... ..$. .
#........ .. #..# #.. ...
.. #..# ...... # ..
####..#+#####.#.#..## .#
#..........##........
.###..........##@#......
..##..........##o#....###.
..##.....o..o..oo#........
...#..........#........#..
........#...o.#.##.#......
.........................>
#.........#######)†....#
..........'.....#......#
#.........#####'#...##.#


You could see an orc priest and 2 orcs.

Vanquished Creatures
  An adder (D:2)
  A worm (D:2)
  A dart slug (D:2)
  2 orcs (D:2)
  4 ball pythons
  2 bats
  2 endoplasms (D:1)
  2 giant cockroaches
  2 goblins (D:1)
  5 hobgoblins (D:1)
  A quokka (D:1)
  4 kobolds
  3 rats (D:1)
30 creatures vanquished.

Notes
Turn   | Place    | Note
-------+----------+-------------------------------------------
     0 | D:1      | Error4North the Demigod Fighter began the quest for the
                  | Orb.
     0 | D:1      | Reached XP level 1. HP: 18/18 MP: 3/3
   114 | D:1      | Reached skill level 3 in Armour
   274 | D:1      | Reached XP level 2. HP: 24/25 MP: 4/4
   875 | D:2      | Reached XP level 3. HP: 27/30 MP: 5/5
  1068 | D:2      | Killed from afar by an orc priest

Illustrated notes

Levels and vault maps discovered:
D:1:      dpeg_arrival_prison, layout_loops_ring
D:2:      layout_basic, minmay_heptomino_l4

Skill      XL: |  1  2 |
---------------+-------+-----
Armour         | 3 |  3.4
Axes           | 2 |  2.3
Fighting       | |  2.9
Shields        | |  2.9

Action                     || total
---------------------------++-------
  Melee: War axe           ||    97
  Throw: Stone             ||     1
    Use: Potion            ||     1
 Armour: Scale mail        ||    55
  Dodge: Dodged            ||    54
  Block: Buckler           ||    16

Table legend: (Time is in decaauts)
 A = Elapsed time spent in this place.
 B = Non-inter-level travel time spent in this place.
 C = Inter-level travel time spent in this place.
 D = Time resting spent in this place.
 E = Time spent auto-exploring this place.
 F = Levels seen in this place.
 G = Mean time per level.
                   A        B        C        D        E       F      G
               +--------+--------+--------+--------+--------+-----+--------+
         Total |   1107 |   1107 |      0 |      0 |      0 |   2 |  553.5 |
       Dungeon |   1107 |   1107 |      0 |      0 |      0 |   2 |  553.5 |
               +--------+--------+--------+--------+--------+-----+--------+

Top non-repeatable levels by time:
     D:1: 834 daAuts
     D:2: 273 daAuts
